 Dungeon Crawl Stone Soup version 0.22-a0-303-g4a852b3 (webtiles) character file.

54 galech the Skirmisher (level 3, -1/33 HPs)
             Began as a Minotaur Fighter on Mar 27, 2018.
             Slain by a white imp (4 damage)
             ... summoned by Natasha
             ... on level 2 of the Dungeon.
             The game lasted 00:01:47 (976 turns).

galech the Skirmisher (Minotaur Fighter)             Turns: 976, Time: 00:01:48

Health: -1/33      AC:  7    Str: 20    XL:     3   Next: 66%
Magic:  2/2        EV:  7    Int:  5    God:
Gold:   56         SH:  9    Dex: 10    Spells: 2/2 levels left

rFire    . . .     SeeInvis .   a - +0 war axe
rCold    . . .     Gourm    .   c - +0 shield
rNeg     . . .     Faith    .   b - +0 scale mail
rPois    .         Spirit   .   (helmet restricted)
rElec    .         Reflect  .   (no cloak)
rCorr    .         Harm     .   (no gloves)
MR       .....                  (no boots)
Stlth    ..........             (no amulet)
HPRegen  0.11/turn              l - ring of wizardry (curse)
MPRegen  0.08/turn              (no ring)

@: slowed, very slow
A: retaliatory headbutt, horns 2
a: no special abilities


You were on level 2 of the Dungeon.
You were not hungry.

You visited 1 branch of the dungeon, and saw 2 of its levels.

You collected 56 gold pieces.

Inventory:

Hand Weapons
 a - a +0 war axe (weapon)
Armour
 b - a +0 scale mail (worn)
 c - a +0 shield (worn)
Jewellery
 l - a cursed ring of wizardry (left hand)
Scrolls
 e - 3 scrolls of identify {unknown}
 h - 2 scrolls of enchant weapon {unknown}
 j - 2 scrolls of enchant armour {unknown}
 k - a scroll of blinking {unknown}
 n - a scroll of fog {unknown}
Potions
 d - a potion of might
 g - a potion of ambrosia {unknown}
 i - a potion of curing {unknown}
 o - a potion of resistance {unknown}
Comestibles
 f - a ration
 m - a chunk of flesh


   Skills:
 + Level 4.2 Fighting
 + Level 3.2 Axes
 + Level 4.2 Armour
 + Level 4.0 Shields


You had 2 spell levels left.
You didn't know any spells.

Dungeon Overview and Level Annotations

Branches:
Dungeon (2/15)

Altars:

Annotations:
D:2 Natasha


Innate Abilities, Weirdness & Mutations

You reflexively headbutt those who attack you in melee.
You have a pair of horns on your head.


Message History

You block Natasha's attack.
Natasha casts a spell.
Your shield and scale mail prevent you from hitting Natasha.
Natasha is heavily wounded.
You block Natasha's attack. x2
The crimson imp shouts, "Away with thee, thou droning fool-born hugger-mugger!"
You closely miss Natasha.
Natasha is heavily wounded.
You hit the crimson imp.
Natasha mumbles some strange words.
The crimson imp barely misses you. Natasha claws you.
* * * LOW HITPOINT WARNING * * *
The crimson imp blinks!
You barely miss Natasha. Your headbutt misses Natasha.
Natasha is heavily wounded.
You closely miss the white imp. Natasha barely misses you.
The white imp hits you.
* * * LOW HITPOINT WARNING * * *
The white imp freezes you.
You die...

.... #.# #.## #.# #.#
#.# #.# #########.# #.#
#.....†.÷.# #.#
#.#######.# #.#
#.#######.# ..#
#.......#5# ..###
#.#####.#@#
....####.#####.#h§......
........................
....####......5..#######
....## #..####.###
.....###.... .[
............[.#
.....######### ....##


You could see Natasha, a crimson imp and a white imp.

Vanquished Creatures
  Natasha (D:2)
  A worm (D:2)
  3 dart slugs
  An orc (D:2)
  A giant cockroach (D:2)
  3 goblins
  3 hobgoblins
  2 kobolds
  2 bats (D:1)
  2 frilled lizards (D:1)
  A rat (D:1)
20 creatures vanquished.

Notes
Turn   | Place    | Note
-------+----------+-------------------------------------------
     0 | D:1      | galech the Minotaur Fighter began the quest for the Orb.
     0 | D:1      | Reached XP level 1. HP: 19/19 MP: 0/0
   215 | D:1      | Reached XP level 2. HP: 27/27 MP: 1/1
   845 | D:2      | Reached XP level 3. HP: 19/33 MP: 2/2
   894 | D:2      | Noticed Natasha
   902 | D:2      | Killed Natasha
   966 | D:2      | Noticed Natasha
   976 | D:2      | Slain by a white imp

Vault maps used:
D:1:      onia_arrival_pentagram
D:2:      uniq_natasha

Skill      XL: |  1  2  3 |
---------------+----------+-----
Fighting       | 4 |  4.2
Armour         | 4 |  4.2
Axes           | 3 |  3.2
Shields        | 4 |  4.0

Action                   || total
-------------------------++-------
Melee: War axe           ||    60
       Headbutt          ||     7
Armor: Scale mail        ||    12
Dodge: Dodged            ||    17
Block: Shield            ||    31

Table legend:
 A = Spawn XP
 B = Non-spawn XP
 C = Spawn XP percentage of total XP
 D = Spawn monster count
 E = Non-spawn monster count
 F = Spawn count percentage of total count
 G = Total turns spent on level
                    A         B        C        D         E        F      G
               +---------+---------+-------+---------+---------+-------+---------
         Total |       0 |      78 |   0.0 |       0 |      20 |   0.0 |   976
               +---------+---------+-------+---------+---------+-------+---------
           D:1 |       0 |      21 |   0.0 |       0 |      11 |   0.0 |   683
           D:2 |       0 |      57 |   0.0 |       0 |       9 |   0.0 |   293
               +---------+---------+-------+---------+---------+-------+---------
